 Dungeon Crawl Stone Soup version 0.31-a0-810-ga77100ea1a (webtiles) character file.

Game seed: 2984054455975021588

16707 Newt the Markskobold (level 12, -14/75 HPs)
             Began as a Kobold Hunter on Sept 21, 2023.
             Was a Follower of Hepliaklqana.
             Engulfed by an ice statue's freezing vapour (23 damage)
             ... in an ice cave.
             The game lasted 00:10:52 (11044 turns).

Newt the Markskobold (Kobold Hunter)               Turns: 11044, Time: 00:10:53

Health: -14/75     AC: 12    Str:  9    XL:     12   Next: 73%
Magic:  0/12       EV: 19    Int: 15    God:    Hepliaklqana [*.....]
Gold:   705        SH:  0    Dex: 23    Spells: 11/11 levels left

rFire   . . .        D - +2 shortbow (drain)
rCold   . . .        (shield currently unavailable)
rNeg    + + .        F - +0 steam dragon scales
rPois   +            m - +0 helmet
rElec   .            t - +2 ratskin cloak {*Rats rPois rN+ Str-1 Int-1 Dex+1}
rCorr   .            n - +1 pair of gloves
SInv    .            j - +0 pair of boots
Will    .....        q - amulet of guardian spirit
Stlth   +++          k - +6 ring of intelligence
HPRegen 0.32/turn    l - ring of positive energy
MPRegen 0.13/turn

%: guardian spirit
@: no status effects
A: reduced essence, small, no large weapons, nightstalker 3, poison resistance,
evolution 1
a: Renounce Religion, Recall Ancestor, Ancestor Identity


You were in an ice cave.
You worshipped Hepliaklqana.
Hepliaklqana was aware of your devotion.
You visited 2 branches of the dungeon, and saw 14 of its levels.
You also visited: Ice Cave.

You collected 746 gold pieces.
You spent 41 gold pieces at shops.

Inventory:

Hand Weapons
 a - a +0 shortbow of flaming
 D - a +2 shortbow of draining (weapon)
 H - a -1 hand cannon
Armour
 c - a +0 leather armour
 j - a +0 pair of boots (worn)
 m - a +0 helmet (worn)
 n - a +1 pair of gloves (worn)
 t - the +2 ratskin cloak (worn) {*Rats rPois rN+ Str-1 Int-1 Dex+1}
   (You found it on level 4 of the Dungeon)

   *Rats:     When the wearer is hurt, rats may emerge from it to assist them.
   Str-1:     It affects your strength (-1).
   Int-1:     It affects your intelligence (-1).
   Dex+1:     It affects your dexterity (+1).
   rPois:     It protects you from poison rN+: It protects you from negative
   energy.
 F - +0 steam dragon scales (worn)
Jewellery
 i - a ring of fire
 k - a +6 ring of intelligence (left hand)
 l - a ring of positive energy (right hand)
 q - an amulet of guardian spirit (around neck)
 K - a ring of flight
Wands
 E - a wand of paralysis (7)
 G - a wand of flame (12)
Scrolls
 b - a scroll of butterflies
 p - 4 scrolls of amnesia
 r - 2 scrolls of fog
 v - 2 scrolls of teleportation
 y - 3 scrolls of fear
 B - 2 scrolls of poison
 C - a scroll of summoning
 I - a scroll of identify
Potions
 d - 2 potions of berserk rage
 e - 3 potions of curing
 f - a potion of degeneration
 g - a potion of magic
 h - a potion of heal wounds
 o - 2 potions of brilliance
 u - 3 potions of mutation
 w - a potion of ambrosia
 x - a potion of might
 z - 2 potions of attraction
 A - 2 potions of resistance


   Skills:
 + Level 13.1 Fighting
 - Level 20.0 Ranged Weapons
 - Level 6.0 Dodging
 - Level 1.3 Stealth


You had 11 spell levels left.
You didn't know any spells.
Your spell library contained the following spells:

 Spells                   Type           Power      Damage    Failure   Level
 Summon Small Mammal      Summ           0%         N/A       26%         1
 Ensorcelled Hibernation  Hex/Ice        0%         N/A       38%         2
 Jinxbite                 Hex            0%         N/A       38%         2
 Call Canine Familiar     Summ           0%         N/A       63%         3
 Ozocubu's Armour         Ice            0%         N/A       63%         3
 Summon Guardian Golem    Hex/Summ       0%         N/A       63%         3
 Anguish                  Hex/Necr       0%         N/A       95%         4
 Animate Dead             Necr           0%         N/A       95%         4
 Manifold Assault         Tloc           0%         N/A       95%         4
 Borgnjor's Vile Clutch   Necr/Erth      0%         N/A       100%        5
 Death Channel            Necr           0%         N/A       100%        6
 Dispersal                Tloc           0%         N/A       100%        6
 Orb of Destruction       Conj           0%         9d5       100%        7
 Ozocubu's Refrigeration  Ice            0%         4d7       100%        7
 Spellforged Servitor     Conj/Summ      0%         N/A       100%        7
 Disjunction              Tloc           0%         N/A       100%        8


Dungeon Overview and Level Annotations

Branches:
Dungeon (13/15)            Temple (1/1) D:7            Lair (0/5) D:10
    Orc (0/2) D:11          IceCv (1/1)
 Vaults: D:13-14

Altars:
Ashenzari
Cheibriados
Dithmenos
Elyvilon
Fedhas
Gozag
Hepliaklqana
Kikubaaqudgha
Makhleb
Nemelex Xobeh
Okawaru
Qazlal
Ru
Sif Muna
Trog
Uskayaw
Vehumet
Wu Jian
Xom
Yredelemnul
Zin
The Shining One

Shops:
D:2 !   D:9 *

Annotations:
D:6 exclusion: statue IceCv exclusion: 2 ice statues


Innate Abilities, Weirdness & Mutations

Your life essence is reduced to manifest your ancestor. (-10% HP)
You are small and have problems with some larger weapons.
You are completely attuned to the shadows.
Your system is resistant to poisons. (rPois)
You have hidden genetic potential.


Message History

Your river rat barely misses the rime drake.
You shoot an arrow. The arrow hits the rime drake!
The rime drake is moderately wounded.
The rime drake is engulfed in freezing vapours.
You shoot an arrow. The arrow hits the rime drake.
You drain the rime drake.
The rime drake is severely wounded.
The rime drake breathes ice at you. The icy flash freeze misses you.
You shoot an arrow. The arrow hits the rime drake!!
You kill the rime drake!
No target in view!
No target in view!
No target in view!
You start resting.
Your hell rat returns to the shadows of the Dungeon!
Your river rat returns to the shadows of the Dungeon!
Magic restored.
You start resting.
Xolani emerges from the mists of memory!
You start resting.
HP restored.
You shoot an arrow.
The arrow hits the ice statue but does no damage.
The ice statue gestures at you. The bolt of cold hits you!!
You shoot an arrow.
The arrow hits the ice statue but does no damage.
The ice statue gestures at you. The freezing blast engulfs you.
You shoot an arrow. The arrow hits the ice statue!
The ice statue is lightly damaged.
You are engulfed in freezing vapours.
Xolani is engulfed in freezing vapours.
The ice statue gestures at you. The shard of ice hits you!!
* * * LOW HITPOINT WARNING * * *
You are too injured to fight recklessly!
You are too injured to fight recklessly!
Unknown command.
You swap places.
You are engulfed in freezing vapours.
You die...

##...# ##...#
##....#
#...#...
#..####.
##..## ##..#
####..## #
##8#@☼..#8##
#.○R☼......#
#..☼☼○.......
..○..........
.............
.............


You could see the friendly Xolani the ancestor.

Vanquished Creatures
  6 two-headed ogres
  2 centaur warriors
  2 manticores
  2 cyclopes (D:11)
  A gargoyle (D:12)
  A rime drake (IceCv)
  A troll (D:11)
  Grinder (D:2)
  A shadow (D:11)
  A wraith (D:10)
  13 yaks
  5 wyverns
  2 steam dragons (D:8)
  5 vampire mosquitoes
  2 acid dragons
  5 water moccasins
  A sky beast (D:7)
  5 orc warriors
  7 black bears
  2 ogres
  A wolf (D:10)
  3 centaurs
  3 phantoms
  2 kobold brigands
  4 bullfrogs
  17 wights
  3 killer bees (D:9)
  3 crimson imps (D:8)
  3 komodo dragon simulacra (IceCv)
  4 orc priests
  2 hounds
  5 jellies
  A sleepcap (D:5)
  2 iguanas
  4 orc wizards
  4 gnolls (D:2)
  An acid dragon simulacrum (IceCv)
  11 adders
  A white imp (D:6)
  An ufetubus (D:5)
  2 steam dragon simulacra (IceCv)
  2 worms
  A dart slug (D:4)
  19 orcs
  4 ball pythons
  2 bats (D:3)
  5 endoplasms
  6 giant cockroaches
  5 goblins
  6 hobgoblins
  8 jackals
  10 kobolds
  4 quokkas
  3 frilled lizards (D:1)
  4 rats
221 creatures vanquished.

Vanquished Creatures (collateral kills)
  A vampire (D:12)
  3 yaks
  2 vampire mosquitoes (D:10)
  An ice beast (D:5)
7 creatures vanquished.

Vanquished Creatures (others)
  3 ancestors
3 creatures vanquished.

Grand Total: 231 creatures vanquished

Notes
Turn   | Place    | Note
-------+----------+-------------------------------------------
     0 | D:1      | Newt the Kobold Hunter began the quest for the Orb.
     0 | D:1      | Reached XP level 1. HP: 12/12 MP: 1/1
   124 | D:1      | Reached XP level 2. HP: 18/18 MP: 2/2
   888 | D:2      | Reached XP level 3. HP: 23/23 MP: 3/3
   913 | D:2      | Reached XP level 4. HP: 10/30 MP: 4/4
  1138 | D:2      | Found Idayco Wuom's Distillery.
  1143 | D:2      | Bought a potion of curing for 30 gold pieces
  1143 | D:2      | Bought a potion of degeneration for 10 gold pieces
  1379 | D:2      | Reached skill level 5 in Fighting
  1478 | D:2      | Reached XP level 5. HP: 29/35 MP: 5/5
  1696 | D:3      | Noticed Grinder
  1706 | D:2      | Killed Grinder
  1707 | D:2      | Reached skill level 8 in Ranged Weapons
  1707 | D:2      | Reached XP level 6. HP: 33/40 MP: 6/6
  1823 | D:3      | Found a snail-covered altar of Cheibriados.
  2312 | D:3      | Found a sacrificial altar of Ru.
  2381 | D:4      | Found the +2 ratskin cloak {*Rats rPois rN+ Str-1 Int-1
                  | Dex+1}
  2604 | D:4      | Noticed an ogre
  2613 | D:4      | Killed an ogre
  2614 | D:4      | Reached skill level 9 in Ranged Weapons
  2614 | D:4      | Reached XP level 7. HP: 44/44 MP: 7/7
  2914 | D:4      | Found a broken altar of Ashenzari.
  2986 | D:5      | Entered Level 5 of the Dungeon
  3010 | D:5      | Reached skill level 10 in Ranged Weapons
  3078 | D:5      | Reached XP level 8. HP: 20/49 MP: 8/8
  3357 | D:5      | Found a white marble altar of Elyvilon.
  3374 | D:5      | Reached skill level 5 in Dodging
  3830 | D:5      | Reached skill level 11 in Ranged Weapons
  3939 | D:6      | Reached skill level 12 in Ranged Weapons
  4210 | D:6      | Reached XP level 9. HP: 54/54 MP: 9/9
  4210 | D:6      | Found a radiant altar of Vehumet.
  4678 | D:6      | Reached skill level 13 in Ranged Weapons
  5120 | D:7      | Reached skill level 14 in Ranged Weapons
  5308 | D:7      | Reached skill level 15 in Ranged Weapons
  5814 | D:7      | Found a staircase to the Ecumenical Temple.
  5877 | Temple   | Entered the Ecumenical Temple
  5999 | D:8      | Noticed a manticore
  6006 | D:8      | Killed a manticore
  6007 | D:8      | Reached XP level 10. HP: 36/61 MP: 10/10
  6503 | D:8      | Noticed a two-headed ogre
  6512 | D:8      | Killed a two-headed ogre
  6513 | D:8      | Reached skill level 16 in Ranged Weapons
  6694 | D:8      | Found a shimmering altar of Xom.
  6845 | D:9      | Found Vutimm's Lightly-Used Armoury.
  6851 | D:9      | Bought a -1 hand cannon for 1 gold piece
  7116 | D:9      | Noticed a two-headed ogre
  7123 | D:9      | Killed a two-headed ogre
  7124 | D:9      | Reached XP level 11. HP: 71/71 MP: 11/11
  7213 | D:9      | Reached skill level 17 in Ranged Weapons
  7310 | D:9      | Found a glowing silver altar of Zin.
  7764 | D:10     | Entered Level 10 of the Dungeon
  7869 | D:10     | Found a glowing golden altar of the Shining One.
  7939 | D:10     | Reached skill level 18 in Ranged Weapons
  8022 | D:10     | Noticed a two-headed ogre
  8033 | D:10     | Noticed a manticore
  8035 | D:10     | Killed a two-headed ogre
  8040 | D:10     | Reached skill level 19 in Ranged Weapons
  8043 | D:10     | Killed a manticore
  8118 | D:10     | Found an opulent altar of Gozag.
  8129 | D:10     | Noticed a two-headed ogre
  8137 | D:10     | Killed a two-headed ogre
  8309 | D:10     | Noticed a two-headed ogre
  8322 | D:10     | Killed a two-headed ogre
  8410 | D:10     | Found a staircase to the Lair.
  8410 | D:10     | Identified the +4 falchion "Soth" {venom, Fragile rF+ rN+
                  | Int+8}
  8422 | D:10     | Reached skill level 20 in Ranged Weapons
  8453 | D:10     | Found a hazy altar of Hepliaklqana.
  8584 | D:10     | Became a worshipper of Hepliaklqana the Forgotten
  8740 | D:10     | Noticed a centaur warrior
  8761 | D:10     | Killed a centaur warrior
  8762 | D:10     | Reached XP level 12. HP: 39/77 MP: 7/12
  9090 | D:11     | Reached skill level 10 in Fighting
  9309 | D:11     | Gained mutation: Your system is resistant to poisons.
                  | (rPois) [potion of mutation]
  9309 | D:11     | Gained mutation: You have hidden genetic potential. [potion
                  | of mutation]
  9790 | D:11     | Found a staircase to the Orcish Mines.
  9908 | D:12     | Noticed a two-headed ogre
  9915 | D:12     | Killed a two-headed ogre
  9936 | D:12     | Reached * piety under Hepliaklqana
 10003 | D:12     | Noticed a centaur warrior
 10004 | D:12     | Found a frozen archway.
 10009 | D:12     | Killed a centaur warrior
 10368 | IceCv    | Entered an ice cave
 11044 | IceCv    | Engulfed by an ice statue's freezing vapour

Illustrated notes

Levels and vault maps discovered:
D:1:      minmay_arrival_four_houses, layout_loops_ring
D:2:      layout_basic, serial_shops, nicolae_shop_crystal, nicolae_half_adder
D:3:      layout_rooms, mainiacjoe_overflow_alcove_4,
          nicolae_ru_the_path_less_chosen, uniq_grinder
D:4:      layout_rooms, marbit_many_paths
D:5:      layout_basic, lemuel_crystal_altar
D:6:      layout_layer_cave, vehumet_statue
D:7:      layout_basic, temple_doors_e, st_stairs_9
D:8:      layout_rooms, led_xom_imps
D:9:      layout_long_grid, nicolae_overflow_crystal_walls, minmay_shop_damaged,
          minmay_between
D:10:     layout_long_grid, kennysheep_mini, mainiacjoe_overflow_alcove_2,
          mainiacjoe_overflow_small_starburst, minmay_lair_entry_grove
D:11:     layout_cave_pools, david_orc_4
D:12:     layout_irregular_city, portal_ice_cave_entry_pillars_1
D:13:     layout_grid_maze, uniq_snorg
Temple:   minmay_temple_forest_path
IceCv:    ice_cave_small_dragons

Skill      XL: |  1  2  3  4  5  6  7  8  9 10 11 12 |
---------------+-------------------------------------+-----
Fighting       | 3 4 5 6 9 13 | 13.1
Ranged Weapons | 8 9 10 12 15 16 20 | 20.0
Dodging        | 4 6 |  6.0
Stealth        | |  1.3

Action                     |  1- 3 |  4- 6 |  7- 9 | 10-12 || total
---------------------------+-------+-------+-------+-------++-------
   Fire: Shortbow          |    59 |   104 |   255 |   541 ||   959
  Evoke: Wand              |       |       |       |     2 ||     2
    Use: Scroll            |     4 |     3 |     8 |     5 ||    20
         Potion            |       |       |       |     2 ||     2
 Armour: Leather armour    |    19 |    16 |    64 |    15 ||   114
         Steam dragon scal |       |       |       |   134 ||   134
  Dodge: Dodged            |    41 |    36 |    89 |   294 ||   460

Table legend: (Time is in decaauts)
 A = Elapsed time spent in this place.
 B = Non-inter-level travel time spent in this place.
 C = Inter-level travel time spent in this place.
 D = Time resting spent in this place.
 E = Time spent auto-exploring this place.
 F = Levels seen in this place.
 G = Mean time per level.
                   A        B        C        D        E       F      G
               +--------+--------+--------+--------+--------+-----+--------+
         Total |  10876 |  10370 |    506 |   1494 |   7447 |  15 |  725.1 |
       Dungeon |  10208 |   9704 |    504 |    951 |   7364 |  13 |  785.2 |
        Temple |      1 |      0 |      1 |      0 |      0 |   1 |    1.0 |
      Ice Cave |    666 |    666 |      0 |    543 |     83 |   1 |  666.0 |
               +--------+--------+--------+--------+--------+-----+--------+

Top non-repeatable levels by time:
    D:10: 1229 daAuts
     D:9: 1034 daAuts
     D:6: 1029 daAuts
     D:7: 1027 daAuts
     D:5: 908 daAuts
     D:2: 891 daAuts
     D:1: 819 daAuts
    D:11: 803 daAuts
     D:8: 721 daAuts
     D:3: 690 daAuts
   IceCv: 666 daAuts
     D:4: 606 daAuts
    D:13: 279 daAuts
    D:12: 167 daAuts
  Temple: 1 daAuts
